 Dungeon Crawl Stone Soup version 0.31-a0-816-gd61d57ddb1 (webtiles) character file.

Game seed: 12595093277250923659

39 Essalna the Digger (level 3, 0/24 HPs)
             Began as a Demonspawn Earth Elementalist on Sept 22, 2023.
             Slain by a kobold
             ... wielding a +0 dagger
              (1 damage)
             ... on level 3 of the Dungeon.
             The game lasted 00:01:19 (1002 turns).

Essalna the Digger (Demonspawn Earth Elementalist)  Turns: 1002, Time: 00:01:19

Health: 0/24       AC:  2    Str:  8    XL:     3   Next: 26%
Magic:  2/7        EV: 12    Int: 18    God:
Gold:   97         SH:  0    Dex: 13    Spells: 6/7 levels left

rFire   . . .        (no weapon)
rCold   . . .        (no shield)
rNeg    . . .        a - +0 robe
rPois   .            (no helmet)
rElec   .            (no cloak)
rCorr   .            (no gloves)
SInv    .            (no boots)
Will    .....        (no amulet)
Stlth   ++           (no ring)
HPRegen 0.24/turn    (no ring)
MPRegen 0.10/turn

%: no passive effects
@: no status effects
A: demonic guardian 2
a: no special abilities


You were on level 3 of the Dungeon.
You visited 1 branch of the dungeon, and saw 3 of its levels.

You collected 97 gold pieces.

Inventory:

Armour
 a - a +0 robe (worn)
Scrolls
 c - 2 scrolls of identify {unknown}
 e - a scroll of blinking {unknown}
 f - a scroll of brand weapon {unknown}
 g - a scroll of fear {unknown}
 h - a scroll of teleportation {unknown}
Potions
 b - a potion of magic
 d - a potion of degeneration {unknown}
 i - 2 potions of curing {unknown}


   Skills:
 - Level 1.7 Dodging
 - Level 1.7 Stealth
 + Level 2.8 Spellcasting
 - Level 0.8 Transmutations
 + Level 3.4 Earth Magic


You had 6 spell levels left.
You knew the following spells:

 Your Spells              Type           Power      Damage    Failure   Level
a - Sandblast             Erth           28%        2d8       4%          1

Your spell library contained the following spells:

 Spells                   Type           Power      Damage    Failure   Level
 Passwall                 Tmut/Erth      8%         N/A       11%         2
 Stone Arrow              Conj/Erth      16%        3d8       24%         3
 Petrify                  Tmut/Erth      10%        N/A       56%         4
 Brom's Barrelling Bould  Conj/Erth      8%         2d3       63%         4


Dungeon Overview and Level Annotations

Branches:
Dungeon (3/15)

Altars:

Shops:
D:2 *!

Annotations:
D:2 Robin


Innate Abilities, Weirdness & Mutations

A demonic guardian rushes to your aid.


Message History

The kobold shouts!
You hit the dart slug.
The dart slug is severely wounded.
The dart slug launches a dart at you. The slug dart hits you.
The hobgoblin closely misses you.
You hit the dart slug but do no damage.
The dart slug is severely wounded.
An endoplasm comes into view.
The hobgoblin hits you.
* * * LOW HITPOINT WARNING * * *
You hit the dart slug but do no damage.
The dart slug is severely wounded.
The dart slug bites you but does no damage.
The hobgoblin misses you.
You hit the dart slug but do no damage.
The dart slug is severely wounded.
The dart slug bites you.
* * * LOW HITPOINT WARNING * * *
The hobgoblin hits you.
* * * LOW HITPOINT WARNING * * *
A demonic guardian appears!
You hit the dart slug but do no damage.
The dart slug is severely wounded.
The hobgoblin hits you.
* * * LOW HITPOINT WARNING * * *
You hit the dart slug.
The dart slug is almost dead.
The dart slug closely misses you. The kobold barely misses you.
The hobgoblin hits you.
* * * LOW HITPOINT WARNING * * *
Your ice devil hits the dart slug.
The dart slug dies!
You hit the hobgoblin but do no damage.
The hobgoblin is moderately wounded.
The kobold hits you with a +0 dagger.
* * * LOW HITPOINT WARNING * * *
The hobgoblin barely misses you.
Your ice devil hits the hobgoblin.
The hobgoblin dies!
You hit the kobold but do no damage. The kobold hits you with a +0 dagger.
You die...

# #:..# #.#...# #. ..w#
......# ...#..#
########### ......#
..........
#<##########........#
#..........#........#
......!.......'$@4......
...####.......#.KJ.....#
.#. #.#######........# #
#?# #........# #.#
#........# #..
#........# ###
.....##### .....#


You could see an endoplasm, a kobold (ally target) and a friendly ice devil
(summoned).

Vanquished Creatures
  An adder (D:3)
  2 dart slugs
  3 endoplasms (D:1)
  3 goblins
  A hobgoblin (D:2)
  2 jackals (D:1)
  3 ball pythons (D:1)
  2 bats (D:1)
  2 frilled lizards
  2 kobolds (D:1)
  A rat (D:1)
22 creatures vanquished.

Vanquished Creatures (collateral kills)
  A dart slug (D:3)
  A hobgoblin (D:3)
2 creatures vanquished.

Grand Total: 24 creatures vanquished

Notes
Turn   | Place    | Note
-------+----------+-------------------------------------------
     0 | D:1      | Essalna the Demonspawn Earth Elementalist began the quest
                  | for the Orb.
     0 | D:1      | Reached XP level 1. HP: 13/13 MP: 3/3
   354 | D:1      | Reached skill level 3 in Earth Magic
   575 | D:1      | Gained mutation: A weak demonic guardian rushes to your
                  | aid. [demonic ancestry]
   575 | D:1      | Reached XP level 2. HP: 19/19 MP: 3/5
   873 | D:2      | Found Qeogogut's Assorted Antiques.
   915 | D:2      | Found Ylomymm's Distillery.
   950 | D:2      | Noticed Robin
   985 | D:3      | Gained mutation: A demonic guardian rushes to your aid.
                  | [demonic ancestry]
   985 | D:3      | Reached XP level 3. HP: 21/24 MP: 0/7
  1000 | D:3      | HP: 1/24 [hobgoblin (2)]
  1002 | D:3      | Slain by a kobold

Illustrated notes

Levels and vault maps discovered:
D:1:      nzn_arrival_water_spiral, layout_basic, minmay_fountain_box,
          minmay_small_reverse_x
D:2:      layout_rooms, serial_shops, nicolae_shop_trees, nicolae_shop_crystal,
          uniq_robin
D:3:      layout_basic, shapermc_ecumenical_altar_gd, uniq_natasha

Skill      XL: |  1 |
---------------+----+-----
Earth Magic    | 3 |  3.4
Dodging        | |  1.7
Stealth        | |  1.7
Spellcasting   | |  2.8
Transmutations | |  0.8

Action                     || total
---------------------------++-------
  Melee: Unarmed           ||    17
   Cast: Sandblast         ||    32
 Armour: Robe              ||    26
  Dodge: Dodged            ||    24

Table legend: (Time is in decaauts)
 A = Elapsed time spent in this place.
 B = Non-inter-level travel time spent in this place.
 C = Inter-level travel time spent in this place.
 D = Time resting spent in this place.
 E = Time spent auto-exploring this place.
 F = Levels seen in this place.
 G = Mean time per level.
                   A        B        C        D        E       F      G
               +--------+--------+--------+--------+--------+-----+--------+
         Total |   1022 |   1006 |     16 |      0 |    865 |   3 |  340.7 |
       Dungeon |   1022 |   1006 |     16 |      0 |    865 |   3 |  340.7 |
               +--------+--------+--------+--------+--------+-----+--------+

Top non-repeatable levels by time:
     D:1: 885 daAuts
     D:2: 99 daAuts
     D:3: 36 daAuts
